 Dungeon Crawl Stone Soup version 0.31-a0-177-g4aa6249778 (webtiles) character file.

Game seed: 4938313015296692124

55 qw the Shooter (level 3, -5/32 HPs)
             Began as a Naga Hunter on June 18, 2023.
             Slain by Natasha (7 damage)
             ... on level 3 of the Dungeon.
             The game lasted 00:00:32 (1547 turns).

qw the Shooter (Naga Hunter)                        Turns: 1547, Time: 00:00:32

Health: -5/32      AC:  3    Str: 13    XL:     3   Next: 93%
Magic:  3/3        EV:  9    Int:  9    God:
Gold:   109        SH:  0    Dex: 16    Spells: 2/2 levels left

rFire   . . .        Y - +0 shortbow
rCold   . . .        (shield currently unavailable)
rNeg    . . .        c - +0 leather armour
rPois   +            b - +0 helmet
rElec   .            (no cloak)
rCorr   .            (no gloves)
SInv    +            (no barding)
Will    .....        (no amulet)
Stlth   ++           (no ring)
HPRegen 0.25/turn    (no ring)
MPRegen 0.08/turn

%: no passive effects
@: short of breath, slowed, very slow
A: AC +1, large, see invisible, deformed body, poison resistance, slowness 2,
spit poison 1, naga tail 1
a: Spit Poison


You were on level 3 of the Dungeon.
You visited 1 branch of the dungeon, and saw 3 of its levels.

You collected 109 gold pieces.


Innate Abilities, Weirdness & Mutations

Your serpentine skin is tough. (AC +1)
You have supernaturally acute eyesight. (SInv)
Armour fits poorly on your strangely shaped body.
Your system is resistant to poisons. (rPois)
You cover ground very slowly.
You can spit poison.
You have a snake-like lower body.


   Skills:
 - Level 2.0 Fighting
 + Level 4.9 Ranged Weapons
 - Level 1.5 Dodging
 - Level 1.5 Stealth


You had 2 spell levels left.
You didn't know any spells.
Your spell library was empty.

Inventory:

Hand Weapons
 Y - a +0 shortbow (weapon)
Armour
 b - a +0 helmet (worn)
 c - a +0 leather armour (worn)
Scrolls
 a - 2 scrolls of identify

Dungeon Overview and Level Annotations

Branches:
Dungeon (3/15)

Altars:

Annotations:
D:3 Natasha


Message History

Natasha hisses angrily.
Natasha is lightly wounded.
1536 ||| INVOKING Spit Poison.
Aiming: Spit Poison (2% risk of failure)
Press: ? - help, Shift-Dir - straight line, f/p - Natasha The splash of poison misses Natasha.
You shoot an arrow. The arrow misses Natasha.
You shoot an arrow. The arrow barely misses Natasha.
You shoot an arrow.
The arrow hits Natasha but does no damage.
Natasha is lightly wounded.
Natasha claws you.
You shoot an arrow. The arrow closely misses Natasha.
Natasha barely misses you. Natasha claws you.
You shoot an arrow. The arrow closely misses Natasha.
You have got your breath back.
Natasha claws you!
1542 ||| INVOKING Spit Poison.
Aiming: Spit Poison (2% risk of failure)
Press: ? - help, Shift-Dir - straight line, f/p - Natasha The splash of poison misses Natasha.
Natasha claws you!
You shoot an arrow. The arrow closely misses Natasha.
Natasha claws you!
You shoot an arrow. The arrow closely misses Natasha.
Natasha claws you.
You shoot an arrow. The arrow hits Natasha.
Natasha is moderately wounded.
You have got your breath back.
Natasha stares at you and mumbles some strange words.
You feel yourself slow down.
1546 ||| INVOKING Spit Poison.
Aiming: Spit Poison (2% risk of failure)
Press: ? - help, Shift-Dir - straight line, f/p - Natasha The splash of poison hits Natasha.
Natasha is poisoned.
Natasha is severely wounded.
Natasha closely misses you. Natasha barely misses you.
You shoot an arrow. The arrow barely misses Natasha.
Natasha claws you!
You die...

........## #.#
........####...
.###.......#####
#.#####..## #.
##..# # ##.#
#.## #..#######.
##.@h......
#########.


You could see Natasha (poisoned).

Vanquished Creatures
  An adder (D:3)
  An orc (D:2)
  2 bats (D:1)
  2 endoplasms
  5 giant cockroaches
  5 hobgoblins
  2 jackals (D:2)
  A quokka (D:2)
  7 ball pythons
  4 frilled lizards
  2 goblins
  4 kobolds
  4 rats
40 creatures vanquished.

Notes
Turn   | Place    | Note
-------+----------+-------------------------------------------
     0 | D:1      | qw the Naga Hunter began the quest for the Orb.
     0 | D:1      | Reached XP level 1. HP: 19/19 MP: 1/1
     0 | D:1      | 0 ||| qw: Version: 0.3-a-7-ge0c9b40
     0 | D:1      | 0 ||| qw: Game counter: 806
     0 | D:1      | 0 ||| qw: Always use a shield: true
     0 | D:1      | 0 ||| qw: God list: Okawaru
     0 | D:1      | 0 ||| qw: Allow faded altars: false
     0 | D:1      | 0 ||| qw: Do Orc after D:15 true
     0 | D:1      | 0 ||| qw: Do second Lair branch before Depths: true
     0 | D:1      | 0 ||| qw: Lair rune preference: random
     0 | D:1      | 0 ||| qw: Plans: Normal
     0 | D:1      | 0 ||| PLANNING D:1-11
    13 | D:1      | 13 ||| INVOKING Spit Poison.
    18 | D:1      | 18 ||| INVOKING Spit Poison.
    87 | D:1      | Found a faded altar of an unknown god.
   128 | D:1      | 128 ||| INVOKING Spit Poison.
   130 | D:1      | Reached skill level 4 in Ranged Weapons
   130 | D:1      | Reached XP level 2. HP: 26/26 MP: 2/2
   133 | D:1      | 133 ||| INVOKING Spit Poison.
   138 | D:1      | 138 ||| INVOKING Spit Poison.
   144 | D:1      | 144 ||| INVOKING Spit Poison.
   225 | D:1      | 225 ||| INVOKING Spit Poison.
   396 | D:1      | 396 ||| INVOKING Spit Poison.
   401 | D:1      | 401 ||| INVOKING Spit Poison.
   447 | D:1      | 447 ||| DROPPING scarf of shadows.
   448 | D:1      | 448 ||| READING scroll labelled ROADWU DERRO.
   449 | D:1      | 449 ||| READING scroll labelled OFAAME WUUNKAK.
   498 | D:1      | 498 ||| READING scroll labelled HYMIPOCW QOIST.
   502 | D:1      | 502 ||| DRINKING 2 clear potions.
   535 | D:1      | 535 ||| DROPPING scroll of butterflies.
   536 | D:1      | 536 ||| DROPPING potion of lignification.
   589 | D:2      | 589 ||| INVOKING Spit Poison.
   633 | D:2      | 633 ||| INVOKING Spit Poison.
   634 | D:2      | Reached XP level 3. HP: 32/32 MP: 3/3
   649 | D:2      | 649 ||| INVOKING Spit Poison.
   673 | D:2      | 673 ||| INVOKING Spit Poison.
   677 | D:2      | 677 ||| INVOKING Spit Poison.
   750 | D:2      | 750 ||| INVOKING Spit Poison.
   754 | D:2      | 754 ||| INVOKING Spit Poison.
   863 | D:2      | 863 ||| INVOKING Spit Poison.
   923 | D:2      | 923 ||| INVOKING Spit Poison.
  1095 | D:2      | 1095 ||| INVOKING Spit Poison.
  1114 | D:2      | 1114 ||| INVOKING Spit Poison.
  1120 | D:2      | 1120 ||| INVOKING Spit Poison.
  1223 | D:2      | 1223 ||| INVOKING Spit Poison.
  1224 | D:2      | 1224 ||| INVOKING Spit Poison.
  1228 | D:2      | 1228 ||| INVOKING Spit Poison.
  1366 | D:2      | 1366 ||| INVOKING Spit Poison.
  1372 | D:2      | 1372 ||| INVOKING Spit Poison.
  1443 | D:2      | 1443 ||| UPGRADING to +0 helmet.
  1474 | D:3      | 1474 ||| INVOKING Spit Poison.
  1478 | D:3      | 1478 ||| INVOKING Spit Poison.
  1482 | D:3      | 1482 ||| INVOKING Spit Poison.
  1534 | D:3      | Noticed Natasha
  1536 | D:3      | 1536 ||| INVOKING Spit Poison.
  1542 | D:3      | 1542 ||| INVOKING Spit Poison.
  1543 | D:3      | HP: 4/32 [Natasha (7)]
  1544 | D:3      | HP: 1/32 [Natasha (4)]
  1546 | D:3      | 1546 ||| INVOKING Spit Poison.
  1547 | D:3      | Slain by Natasha

Levels and vault maps discovered:
D:1:      eino_arrival_water_star, layout_rooms,
          shapermc_ecumenical_altar_totnotflames, kennysheep_crisscross
D:2:      layout_basic
D:3:      layout_rooms, cheibriados_altar_1, serial_corexii_hall,
          chequers_hall_statues_corner_a, corexii_hall_statues_u, uniq_natasha

Skill      XL: |  1 |
---------------+----+-----
Ranged Weapons | 4 |  4.9
Fighting       | |  2.0
Dodging        | |  1.5
Stealth        | |  1.5

Action                     || total
---------------------------++-------
   Fire: Shortbow          ||    88
Ability: Spit Poison       ||    31
    Use: Scroll            ||     3
         Potion            ||     1
 Armour: Leather armour    ||    10
  Dodge: Dodged            ||    20

Table legend:
 A = Non-vault XP
 B = Vault XP
 C = Vault XP percentage of total XP
 D = Non-vault monster count
 E = Vault monster count
 F = Vault count percentage of total count
                 A         B        C        D         E       F
            +---------+---------+-------+---------+---------+-------
      Total |      79 |       0 |   0.0 |      40 |       0 |   0.0
            +---------+---------+-------+---------+---------+-------
        D:1 |      31 |       0 |   0.0 |      20 |       0 |   0.0
        D:2 |      34 |       0 |   0.0 |      19 |       0 |   0.0
        D:3 |      14 |       0 |   0.0 |       1 |       0 |   0.0
            +---------+---------+-------+---------+---------+-------
